 Dungeon Crawl Stone Soup version 0.19-a0-683-g5f2401d (webtiles) character file.

1668 Amnesiac the Destroyer (level 8, -8/41 HPs)
             Began as a Deep Elf Wizard on June 17, 2016.
             Was an Initiate of Vehumet.
             Mangled by tstbtto's ghost (21 damage)
             ... on level 7 of the Dungeon.
             The game lasted 00:11:35 (8373 turns).

Amnesiac the Destroyer (Deep Elf Wizard)            Turns: 8373, Time: 00:11:35

Health: -8/41      AC:  7    Str:  4    XL:     8   Next: 69%
Magic:  16/22      EV:  8    Int: 26    God:    Vehumet [......]
Gold:   318        SH:  0    Dex: 13    Spells: 6 memorised, 12 levels left

rFire  . . .     SeeInvis +     H - 113 stones
rCold  . . .     Gourm    .     a - +0 robe
rNeg   + . .     Faith    .     (no shield)
rPois  +         Spirit   .     n - +0 helmet (curse)
rElec  .         Dismiss  .     F - +2 cloak {rPois}
rCorr  +         Reflect  .     (no gloves)
SustAt .         Harm     .     x - +0 pair of boots
MR     .....                    (no amulet)
Stlth  +++.......               o - ring of Shadows {Umbra +Inv rN+ SInv}
                                i - ring of resist corrosion

@: wreathed by umbra, not resistant to hostile enchantments, fairly stealthy
A: no striking features
a: Renounce Religion, Evoke Invisibility


You were on level 7 of the Dungeon.
You worshipped Vehumet.
Vehumet was noncommittal.
You were not hungry.

You visited 2 branches of the dungeon, and saw 9 of its levels.

You collected 318 gold pieces.

Inventory:

Hand Weapons
 l - a +0 whip of electrocution
 G - a +3 quarterstaff of chaos
Missiles
 D - 13 poisoned needles
 H - 113 stones (in hand)
 K - 3 needles of frenzy
Armour
 a - a +0 robe (worn)
 n - a cursed +0 helmet (worn)
 x - a +0 pair of boots (worn)
 F - a +2 cloak of poison resistance (worn)
Jewellery
 i - a ring of resist corrosion (left hand)
 o - the ring of Shadows (right hand) {Umbra +Inv rN+ SInv}
   (You found it on level 4 of the Dungeon)

   [ring of positive energy]

   It protects you from negative energy.
   It lets you see invisible.
   It lets you turn invisible.
Wands
 I - a wand of iceblast (5/15)
 J - a wand of lightning (7/15)
Scrolls
 e - 2 scrolls of noise {unknown}
 h - 2 scrolls of teleportation {unknown}
 j - a scroll of enchant weapon {unknown}
 m - 7 scrolls of identify {unknown}
 q - 2 scrolls of recharging {unknown}
 s - 5 scrolls of remove curse {unknown}
 t - 2 scrolls of enchant armour {unknown}
 w - 2 scrolls of blinking {unknown}
 y - a scroll of random uselessness {unknown}
Potions
 b - 2 potions of agility {unknown}
 k - 2 potions of haste {unknown}
 p - a potion of lignification {unknown}
 r - 4 potions of curing {unknown}
 u - 2 potions of heal wounds {unknown}
 v - a potion of ambrosia {unknown}
 A - a potion of might {unknown}
 B - 2 potions of flight {unknown}
 C - 2 potions of mutation {unknown}
Books
 c - a book of Minor Magic

   Spells                             Type                      Level
   a - Magic Dart                     Conjuration                  1
   b - Blink                          Translocation                2
   c - Call Imp                       Summoning                    2
   d - Repel Missiles                 Charms/Air                   2
   e - Slow                           Hexes                        2
   f - Conjure Flame                  Conjuration/Fire             3
   g - Mephitic Cloud                 Conjuration/Poison/Air       3
Comestibles
 d - 3 bread rations
 f - 8 fruits
 g - 6 meat rations
 z - 2 slices of pizza


   Skills:
 - Level 2.4 Dodging
 - Level 2.4 Stealth
 - Level 8.7 Spellcasting
 - Level 9.9 Conjurations
   Level 1.1 Summonings
 - Level 1.1 Translocations
 + Level 2.6 Earth Magic


You had 12 spell levels left.
You knew the following spells:

 Your Spells              Type           Power        Failure   Level  Hunger
a - Repel Missiles        Chrm/Air       ##....       10%         2    None
b - Blink                 Tloc           N/A          6%          2    None
e - Mephitic Cloud        Conj/Pois/Air  ####....     4%          3    None
f - Sandblast             Erth           ####..       1%          1    None
s - Conjure Flame         Conj/Fire      #####...     1%          3    None
z - Magic Dart            Conj           ####         1%          1    None


Dungeon Overview and Level Annotations

Branches:
Dungeon (8/15)             Temple (1/1) D:7
   Lair: D:8-11

Altars:
Ashenzari
Cheibriados
Dithmenos
Elyvilon
Fedhas
Gozag
Hepliaklqana
Kikubaaqudgha
Makhleb
Nemelex Xobeh
Okawaru
Qazlal
Sif Muna
Trog
Uskayaw
Vehumet
Xom
Yredelemnul
Zin

Shops:
D:8 }

Annotations:
D:6 Kenran's ghost, novice FoFi
D:7 tstbtto's ghost, novice CeBe


Message History

Aim: tstbtto's ghost (lightly damaged, umbra)
The rocky blast hits tstbtto's ghost.
Tstbtto's ghost is moderately damaged.
Tstbtto's ghost laughs crazily.
Tstbtto's ghost hits you! Tstbtto's ghost closely misses you.
Casting: Sandblast
Confirm with . or Enter, or press ? or * to list all spells.
Aiming: Sandblast
Press: ? - help, Shift-Dir - straight line, f/p - tstbtto's ghost
Aim: tstbtto's ghost (moderately damaged, umbra)
The rocky blast hits tstbtto's ghost.
Tstbtto's ghost is moderately damaged.
Tstbtto's ghost hits you!
* * * LOW HITPOINT WARNING * * *
Tstbtto's ghost barely misses you.
There is an escape hatch in the ceiling here.
Tstbtto's ghost hits you!!
Ouch! That really hurt!
You die...

...# #............#
...# #..........#.#
.### #............## ##
#.............# #####
##............#
###...##
#............## #
#......##
#.............########)
........#
##....................#
........##
#....@W...........)..#
.........#
##...........######...
.........##
#..........## #......
..........#
##.........# #......
..........##
##.......## ##.....>
...........# #<......#
#....... ...........##
##.....## #.......
............# ##....#
##....... ............#
##..#### ##........


You could see tstbtto's ghost.

Vanquished Creatures
  A wyvern (D:7)
  An ice beast (D:6)
  A phantom (D:5)
  A centaur (D:8)
  3 ogres
  2 giant frogs
  2 scorpions (D:6)
  2 howler monkeys (D:7)
  A giant frog zombie (D:6)
  4 hounds
  An orc wizard (D:4)
  A centaur skeleton (D:4)
  Crazy Yiuf (D:3)
  A giant frog skeleton (D:4)
  3 iguanas
  5 worker ants
  A hound skeleton (D:8)
  The ghost of Amnesiac the Magician, a weakling DEWz of Dithmenos (D:4)
  A worker ant zombie (D:6)
  6 adders
  2 shadow imps
  3 oozes
  3 adder skeletons
  A dart slug (D:3)
  2 worms
  6 giant geckos
  20 orcs
  6 giant cockroaches
  8 goblins
  7 hobgoblins
  14 jackals
  4 quokkas
  A ball python (D:2)
  A ball python skeleton (D:5)
  3 bats
  A giant gecko skeleton (D:4)
  3 giant newts
  3 kobolds
  4 rats
131 creatures vanquished.

Notes
Turn   | Place    | Note
--------------------------------------------------------------
     0 | D:1      | Amnesiac the Deep Elf Wizard began the quest for the Orb.
     0 | D:1      | Reached XP level 1. HP: 10/10 MP: 7/7
    97 | D:2      | Reached skill level 2 in Conjurations
   154 | D:2      | Reached XP level 2. HP: 15/15 MP: 5/9
   158 | D:2      | Learned a level 2 spell: Repel Missiles
   161 | D:2      | Learned a level 2 spell: Blink
   428 | D:3      | Reached skill level 3 in Conjurations
   479 | D:4      | Reached XP level 3. HP: 19/19 MP: 3/11
   570 | D:4      | Learned a level 3 spell: Mephitic Cloud
   574 | D:4      | Learned a level 3 spell: Conjure Flame
   594 | D:4      | Reached skill level 4 in Conjurations
   594 | D:4      | Reached XP level 4. HP: 24/24 MP: 6/12
   818 | D:4      | Noticed Amnesiac's ghost (weakling DEWz)
   825 | D:4      | Killed Amnesiac's ghost
   837 | D:4      | Reached skill level 5 in Spellcasting
   931 | D:4      | Found a snail-covered altar of Cheibriados.
   936 | D:4      | Found a bloodstained altar of Trog.
  1052 | D:4      | Noticed an ogre
  1060 | D:4      | Reached skill level 5 in Conjurations
  1060 | D:4      | Reached XP level 5. HP: 28/28 MP: 3/14
  1061 | D:4      | Killed an ogre
  1261 | D:4      | Found a shattered altar of Ashenzari.
  1339 | D:4      | Reached skill level 6 in Conjurations
  1339 | D:4      | Reached XP level 6. HP: 32/32 MP: 12/16
  1382 | D:4      | Found a glowing silver altar of Zin.
  1696 | D:5      | Entered Level 5 of the Dungeon
  1700 | D:5      | Found a shadowy altar of Dithmenos.
  1971 | D:5      | Reached skill level 7 in Conjurations
  1971 | D:5      | Reached XP level 7. HP: 36/36 MP: 6/18
  2873 | D:6      | Noticed Kenran's ghost (novice FoFi)
  3101 | D:6      | Reached skill level 8 in Conjurations
  3632 | D:6      | Reached XP level 8. HP: 34/41 MP: 15/21
  3686 | D:6      | Found a blossoming altar of Fedhas.
  4047 | D:6      | Reached skill level 9 in Conjurations
  4485 | D:7      | Found a staircase to the Ecumenical Temple.
  4609 | D:8      | Found Zireich's Gadget Boutique.
  5024 | Temple   | Entered the Ecumenical Temple
  5175 | Temple   | Became a worshipper of Vehumet
  5806 | D:2      | Found a deep blue altar of Sif Muna.
  5861 | D:2      | Found an iron altar of Okawaru.
  6399 | D:1      | Found a shimmering altar of Xom.
  6811 | D:3      | Found a white marble altar of Elyvilon.
  6968 | D:3      | Noticed Crazy Yiuf
  6974 | D:3      | Killed Crazy Yiuf
  7076 | D:3      | Reached * piety under Vehumet
  7076 | D:3      | Offered knowledge of Sandblast by Vehumet.
  7213 | D:3      | Learned a level 1 spell: Sandblast
  7886 | D:7      | Found a bloodstained altar of Trog.
  8353 | D:7      | Noticed tstbtto's ghost (novice CeBe)
  8373 | D:7      | Mangled by tstbtto's ghost

Vault maps used:
D:1:      onia_arrival_pentagram, xom_teletrap_fun
D:2:      lemuel_blue_sif_altar, kennysheep_okawaru_gauntlet
D:3:      elyvilon_altar_4, uniq_crazy_yiuf_cottage
D:4:      grunt_temple_overflow_open, zin_scriptorium, old_standard_altar,
          first_bread
D:5:      basic_altar
D:6:      fedhas_altar_1, hangedman_decor_clover_reticule
D:7:      minmay_temple_entry_from_below_b, trog_book
D:8:      kennysheep_kobold_camp, serial_shops, nicolae_shop_window_shopping,
          uniq_grum
Temple:   hc_temple_tempest_star

Skill      XL: |  1  2  3  4  5  6  7  8 |
---------------+-------------------------+-----
Conjurations   | 2 3 4 5 6 7 8 9 |  9.9
Spellcasting   | 5 6 7 8 |  8.7
Earth Magic    | 2 |  2.6
Dodging        | |  2.4
Stealth        | |  2.4
Summonings     | |  1.1
Translocations | |  1.1

Action                   |  1- 3 |  4- 6 |  7- 9 || total
-------------------------+-------+-------+-------++-------
Melee: Whip              |       |     7 |    18 ||    25
 Cast: Magic Dart        |    38 |    95 |   321 ||   454
       Repel Missiles    |     1 |       |     2 ||     3
       Conjure Flame     |     1 |     5 |     8 ||    14
       Sandblast         |       |       |     7 ||     7
       Mephitic Cloud    |       |       |     1 ||     1
  Eat: Chunk             |       |     3 |    19 ||    22
Armor: Robe              |     1 |     1 |     7 ||     9
Dodge: Dodged            |     7 |     7 |    58 ||    72
       Deflected         |       |       |     3 ||     3
